 Dungeon Sprint DCSS version 0.28-a0-1387-g3a22ab9bdc (webtiles) character file.

Game seed: 2503337632022334627

1271 mhtbhm the Carver (level 8, -4/123 HPs)
             Began as a Purple Draconian Berserker on Jan 2, 2022.
             Was a High Priest of Trog.
             Slain by Snorg (17 damage)
             ... in the Dungeon (Sprint III: "The Ten Rune Challenge").
             The game lasted 00:01:51 (974 turns).

mhtbhm the Carver (Purple Draconian Berserker)       Turns: 974, Time: 00:01:51

Health: -4/123     AC:  6    Str: 22    XL:     8   Next: 28%
Magic:  8/8        EV: 15    Int:  7    God:    Trog [*****.]
Gold:   37         SH:  0    Dex: 11    Spells: 7/7 levels left

rFire   . . .      SeeInvis .   a - +3 long sword (holy)
rCold   . . .      Faith    .   (no shield)
rNeg    . . .      Spirit   .   (armour unavailable)
rPois   +          Reflect  .   (helmet restricted)
rElec   .          Harm     .   (no cloak)
rCorr   .          Rampage  .   (no gloves)
Will    +....      Clarity  +   (no boots)
Stlth   .......... NoTele   +   (no amulet)
HPRegen 0.30/turn               (no ring)
MPRegen 0.11/turn               (no ring)

@: berserking, hasted, very quick
A: breathe power, AC +6, unfitting armour, cold-blooded, antennae 1, clarity,
poison resistance
a: Breathe Dispelling Energy, Renounce Religion, Berserk, Trog's Hand, Brothers
in Arms


You were in the Dungeon.
You worshipped Trog.
Trog was extremely pleased with you.
You visited 1 branch You collected 37 gold pieces.

Inventory:

Hand Weapons
 a - a +3 long sword of holy wrath (weapon)
Wands
 i - a wand of flame (21)
 s - a wand of digging (9)
Scrolls
 g - a scroll of blinking
 k - a scroll of holy word {unknown}
 l - 3 scrolls of enchant armour {unknown}
 o - a scroll of immolation {unknown}
 p - a scroll of fear {unknown}
Potions
 b - a potion of curing
 c - 2 potions of heal wounds
 e - 2 potions of magic
 f - a potion of berserk rage
 h - a potion of degeneration {unknown}
 j - a potion of mutation
 m - a potion of cancellation {unknown}
 n - a potion of flight {unknown}
 q - a potion of might
 r - a potion of attraction {unknown}
Miscellaneous
 t - a lightning rod (4/4)


   Skills:
 + Level 11.4 Fighting
 + Level 12.0 Long Blades
 + Level 9.8 Dodging
 + Level 1.1 Stealth


You had 7 spell levels left.
You didn't know any spells.
Your spell library was empty.

Dungeon Overview and Level Annotations

Branches:
Dungeon (1/1)

Altars:
Cheibriados
Dithmenos
Elyvilon
Fedhas
Gozag
Hepliaklqana
Kikubaaqudgha
Makhleb
Nemelex Xobeh
Okawaru
Qazlal
Ru
Sif Muna
Trog
Uskayaw
Vehumet
Wu Jian
Xom
Yredelemnul
Zin
The Shining One
Beogh
Jiyva
Lugonu

Annotations:
D Snorg


Innate Abilities, Weirdness & Mutations

You can breathe bolts of dispelling energy.
Your rich purple scales are hard. (AC +6)
You cannot fit into any form of body armour.
You are cold-blooded and may be slowed by cold attacks.
You have a pair of small antennae on your head.
You possess an exceptional clarity of mind.
Your system is resistant to poisons. (rPois)


Message History

You hit Snorg.
Snorg is lightly wounded.
Snorg bites you! Snorg barely misses you. Snorg closely misses you.
You slice Snorg!!
Snorg is moderately wounded.
You hit Snorg.
Your tail-slap misses Snorg.
Snorg is moderately wounded.
You hit Snorg.
Snorg is moderately wounded.
Snorg misses you. Snorg claws you! x2
You are too injured to fight recklessly!
You are too injured to fight recklessly!
You are too injured to fight recklessly!
You are too injured to fight recklessly!
You are too injured to fight recklessly!
You are too injured to fight recklessly!
You are too injured to fight recklessly!
A red film seems to cover your vision as you go berserk!
You feel yourself moving faster!
You feel mighty!
Snorg looks more energetic.
You slash Snorg!
Snorg is heavily wounded.
Snorg bites you! Snorg claws you. Snorg claws you!
* * * LOW HITPOINT WARNING * * *
You slash Snorg!
Snorg is heavily wounded.
You slice Snorg!!
Snorg is almost dead.
Snorg barely misses you. Snorg claws you!
* * * LOW HITPOINT WARNING * * *
Snorg claws you!
* * * LOW HITPOINT WARNING * * *
You closely miss Snorg.
Snorg is almost dead.
Snorg goes berserk!
You barely miss Snorg.
Your tail-slap misses Snorg.
Snorg is almost dead.
You closely miss Snorg.
Snorg is almost dead.
Snorg misses you. Snorg claws you!
You die...

▓▓▓▓▓▓▓▓▓ ▓▓▓
▓<..#...#### ##.#####
▓...#......#####..#___#
▓..##..T....#..#..#)..#
▓##.##@##...#..#..###'#
##.##.###..##'#..#....
▓#.####.##..###...'.⌠..
▓.###..##..####...#...#
▓#..†..##..###....#.⌠.#
###..##...##.....#...#
##..##....#......#)###
#..###..##.#.....#)::#
#..# #.. ####....#___#


You could see Snorg (berserk).

Vanquished Creatures
  A deep elf pyromancer (D)
  A shadow (D)
  A spatial vortex (D)
  A necrophage (D)
  A water elemental (D)
  A jelly (D)
  Jessica (D)
  A wizard (D)
  A necromancer (D)
  3 humans (D)
  A kobold demonologist (D)
  A wolf (D)
  An endoplasm (D)
  2 rats (D)
17 creatures vanquished.

Notes
Turn   | Place    | Note
-------+----------+-------------------------------------------
     0 | D        | mhtbhm the Draconian Berserker began the quest for the Orb.
     0 | D        | Reached XP level 1. HP: 19/19 MP: 1/1
    24 | D        | Noticed Jessica
    28 | D        | Killed Jessica
    28 | D        | Reached ** piety under Trog
    29 | D        | Reached skill level 5 in Fighting
    29 | D        | Reached skill level 4 in Long Blades
    29 | D        | Reached XP level 2. HP: 29/29 MP: 2/2
    66 | D        | Reached XP level 3. HP: 36/36 MP: 3/3
    92 | D        | Reached skill level 5 in Long Blades
   119 | D        | Gained mutation: You have a pair of small antennae on your
                  | head. [potion of mutation]
   119 | D        | Gained mutation: You possess an exceptional clarity of
                  | mind. [potion of mutation]
   119 | D        | Gained mutation: Your system is resistant to poisons.
                  | (rPois) [potion of mutation]
   121 | D        | Noticed a water elemental
   128 | D        | Killed a water elemental
   128 | D        | Reached *** piety under Trog
   129 | D        | Reached skill level 6 in Long Blades
   129 | D        | Reached skill level 5 in Dodging
   129 | D        | Reached XP level 4. HP: 45/45 MP: 4/4
   181 | D        | Found a radiant altar of Vehumet.
   181 | D        | Found a shimmering blue altar of Sif Muna.
   181 | D        | Found an ancient bone altar of Kikubaaqudgha.
   181 | D        | Noticed a wizard
   185 | D        | Killed a wizard
   186 | D        | Reached XP level 5. HP: 52/52 MP: 5/5
   188 | D        | Reached skill level 7 in Long Blades
   265 | D        | Found a glowing silver altar of Zin.
   265 | D        | Found a glowing golden altar of the Shining One.
   265 | D        | Found a white marble altar of Elyvilon.
   266 | D        | Noticed a deep elf pyromancer
   276 | D        | Killed a deep elf pyromancer
   276 | D        | Reached **** piety under Trog
   277 | D        | Reached skill level 10 in Fighting
   277 | D        | Reached skill level 10 in Long Blades
   277 | D        | Reached XP level 6. HP: 32/66 MP: 6/6
   277 | D        | Your scales start taking on a rich purple colour.
   277 | D        | Reached XP level 7. HP: 35/72 MP: 7/7
   492 | D        | Found a basalt altar of Yredelemnul.
   492 | D        | Found a shadowy altar of Dithmenos.
   492 | D        | Found a sacrificial altar of Ru.
   651 | D        | Found a hide-covered altar of Uskayaw.
   651 | D        | Found an iron altar of Okawaru.
   651 | D        | Found a bloodstained altar of Trog.
   651 | D        | Found an ornate altar of the Wu Jian Council.
   651 | D        | Noticed a human
   651 | D        | Noticed a human
   656 | D        | Killed a human
   657 | D        | Reached skill level 11 in Long Blades
   663 | D        | Killed a human
   663 | D        | Reached ***** piety under Trog
   724 | D        | Reached XP level 8. HP: 66/82 MP: 8/8
   798 | D        | Reached skill level 1 in Stealth
   893 | D        | Found a blossoming altar of Fedhas.
   893 | D        | Found a stormy altar of Qazlal.
   893 | D        | Found a snail-covered altar of Cheibriados.
   893 | D        | Found a burning altar of Makhleb.
   893 | D        | Found a shimmering altar of Xom.
   894 | D        | Found a hazy altar of Hepliaklqana.
   894 | D        | Found an opulent altar of Gozag.
   894 | D        | Found a sparkling altar of Nemelex Xobeh.
   894 | D        | Found a corrupted altar of Lugonu.
   894 | D        | Found a viscous altar of Jiyva.
   902 | D        | Reached skill level 12 in Long Blades
   918 | D        | Noticed Snorg
   974 | D        | Slain by Snorg

Illustrated notes

Levels and vault maps discovered:
D:        dungeon_sprint_mu [sprint_mu_entry_cave, sprint_mu_temple_rooms,
          sprint_mu_d1_horrors, sprint_mu_d2_genie, sprint_mu_d3_branching,
          sprint_mu_orc_legion, sprint_mu_elf_gauntlet, sprint_mu_hive_nellie,
          sprint_mu_lair_fedhas, sprint_mu_vaults_butterflies,
          sprint_mu_slime_circle, sprint_mu_swamp_cave, sprint_mu_shoals_archi,
          sprint_mu_blade_basic, sprint_mu_crypt_lich, sprint_mu_tomb_spiral,
          sprint_mu_vestibule_basic, sprint_mu_gehenna_hellfire,
          sprint_mu_dis_giant, sprint_mu_tartarus_statrot,
          sprint_mu_cocytus_islands, sprint_mu_zot1]

Skill      XL: |  1  2  3  4  5  6  7  8 |
---------------+-------------------------+-----
Dodging        | 4 5 8 9 |  9.8
Fighting       | 5 6 7 10 11 | 11.4
Long Blades    | 4 6 10 11 12 | 12.0
Stealth        | 1 |  1.1

Action                   |  1- 3 |  4- 6 |  7- 9 || total
-------------------------+-------+-------+-------++-------
Melee: Falchion          |    24 |    12 |       ||    36
       Tailslap          |     2 |     1 |     2 ||     5
       Long sword        |       |       |    41 ||    41
Invok: Berserk           |     2 |     2 |     3 ||     7
 Abil: Breathe Dispellin |       |       |     1 ||     1
Evoke: Wand              |       |       |     1 ||     1
  Use: Potion            |     1 |       |     1 ||     2
Armor: Skin              |     5 |     1 |     3 ||     9
Dodge: Dodged            |    16 |     4 |    18 ||    38

Table legend: (Time is in decaauts)
 A = Elapsed time spent in this place.
 B = Non-inter-level travel time spent in this place.
 C = Inter-level travel time spent in this place.
 D = Time resting spent in this place.
 E = Time spent auto-exploring this place.
 F = Levels seen in this place.
 G = Mean time per level.
                   A        B        C        D        E       F      G
               +--------+--------+--------+--------+--------+-----+--------+
         Total |   1014 |   1014 |      0 |    727 |     18 |   1 | 1014.0 |
       Dungeon |   1014 |   1014 |      0 |    727 |     18 |   1 | 1014.0 |
               +--------+--------+--------+--------+--------+-----+--------+

Top non-repeatable levels by time:
       D: 1014 daAuts
